 Dungeon Crawl Stone Soup version 0.30-a0-219-gf2db51d15e (webtiles) character file.

Game seed: 14387905478080125298

2709 Nerdsrcool the Merchant of Misery (level 9, -3/91 HPs)
             Began as a Vampire Necromancer on Oct 3, 2022.
             Was a Believer of Kikubaaqudgha.
             Slain by an orc warrior
             ... wielding a +0 battleaxe
              (21 damage)
             ... on level 7 of the Dungeon on Oct 6, 2022.
             The game lasted 00:57:16 (6257 turns).

Nerdsrcool the Merchant of Misery (VpNe)            Turns: 6257, Time: 00:57:18

Health: -3/91      AC: 10    Str:  9 (12) XL:     9   Next: 39%
Magic:  7/21       EV: 18    Int: 21 (22) God:    Kikubaaqudgha [**....]
Gold:   390        SH:  5    Dex: 17 (18) Spells: 16/24 levels left

rFire   . . .      SeeInvis +    k - +7 whip "Wesouc" {drain, *Rage rPois Will+ Dex+4}
rCold   . . .      Faith    .    (no shield)
rNeg    . . .      Spirit   .    m - +1 robe "Ganlioh" {Harm Str+5}
rPois   +          Reflect  +    j - +2 helmet
rElec   .          Harm     +    (no cloak)
rCorr   .          Rampage  .    (no gloves)
Will    +....      Rage     20%  (no boots)
Stlth   ..........               o - amulet of reflection
HPRegen 0.55/turn                B - +4 ring of protection
MPRegen 0.17/turn                D - +4 ring of evasion

@: berserking, healing quickly, very quick
A: alive, fangs 3, see invisible, vampiric 2
a: Exsanguinate, Renounce Religion, Unearth Wretches


You were on level 7 of the Dungeon.
You worshipped Kikubaaqudgha.
Kikubaaqudgha was pleased with you.
You visited 2 branches of the dungeon, and saw 8 of its levels.

You collected 390 gold pieces.

Inventory:

Hand Weapons
 k - the +7 whip "Wesouc" (weapon) {drain, *Rage rPois Will+ Dex+4}
   (You found it on level 4 of the Dungeon)

   A truly terrible weapon, it drains the life of any living foe it strikes.
   Dex:       It affects your dexterity (+4).
   rPois:     It protects you from poison.
   *Rage:     It berserks you when you make melee attacks (+20% chance).
   Will:      It increases your willpower.
 n - a +3 dagger of venom
 q - a +0 dagger of draining
 E - a +4 dagger
 H - a +0 whip of freezing
 J - a +3 whip
 K - a +2 antimagic dagger
Missiles
 l - 74 stones
 r - 20 poisoned darts
 z - 3 boomerangs
Armour
 f - a +1 leather armour of cold resistance
 j - a +2 helmet (worn)
 m - the +1 robe "Ganlioh" (worn) {Harm Str+5}
   (You found it on level 2 of the Dungeon)

   Str:       It affects your strength (+5).
   Harm:      It increases damage dealt and taken.
Magical Staves
 t - a staff of conjuration
Jewellery
 o - an amulet of reflection (around neck)
 u - a ring of protection from cold
 y - an amulet of guardian spirit
 B - a +4 ring of protection (left hand)
 D - a +4 ring of evasion (right hand)
 F - a ring of wizardry
Wands
 i - a wand of flame (30)
 p - a wand of iceblast (10)
Scrolls
 c - a scroll of vulnerability
 g - 2 scrolls of magic mapping
 x - a scroll of blinking
 C - a scroll of summoning
Potions
 b - 2 potions of magic
 d - a potion of curing
 e - 3 potions of brilliance
 h - a potion of might
 s - a potion of heal wounds
 w - a potion of attraction
 I - a potion of lignification


   Skills:
 + Level 1.7 Fighting
 + Level 0.3 Short Blades
 + Level 2.3 Maces & Flails
 + Level 0.3 Throwing
 + Level 4.9 Dodging
 + Level 4.5 Stealth
 + Level 1.6 Shields
 + Level 0.2 Unarmed Combat
 + Level 8.1 Spellcasting
 + Level 8.9 Necromancy


You had 16 spell levels left.
You knew the following spells:

 Your Spells              Type           Power      Damage    Failure   Level
a - Necrotise             Necr           100%       1d9       1%          1
b - Vampiric Draining     Necr           46%        2d9       1%          3
c - Animate Dead          Necr           46%        N/A       1%          4

Your spell library contained the following spells:

 Spells                   Type           Power      Damage    Failure   Level
 Agony                    Necr           46%        N/A       5%          5
 Anguish                  Hex/Necr       13%        N/A       12%         4
 Portal Projectile        Hex/Tloc       16%        N/A       24%         3
 Tukima's Dance           Hex            8%         N/A       24%         3
 Blade Hands              Tmut           4%         N/A       91%         5


Dungeon Overview and Level Annotations

Branches:
Dungeon (7/15)             Temple (1/1) D:6

Altars:
Ashenzari
Cheibriados
Dithmenos
Fedhas
Gozag
Hepliaklqana
Kikubaaqudgha
Makhleb
Nemelex Xobeh
Okawaru
Ru
Sif Muna
Trog
Uskayaw
Vehumet
Wu Jian
Yredelemnul

Annotations:
D:7 1 transporter, Dazliare's ghost, novice GrDe


Innate Abilities, Weirdness & Mutations

Your natural rate of healing is accelerated.
You have razor-sharp teeth.
You have supernaturally acute eyesight. (SInv)
You are afflicted with vampirism and can become a bat while bloodless.


Message History

You hit Dazliare's ghost.
You bite Dazliare's ghost, but do no damage.
Dazliare's ghost is moderately damaged.
You feel sick.
Your hound skeleton bites the slime creature.
The orc warrior closely misses you.
Your orc zombie hits the slime creature but does no damage.
The slime creature closely misses you.
Your hound skeleton bites the slime creature.
Dazliare's ghost hits you but does no damage.
The orc wizard casts a spell.
The orc wizard flickers and vanishes for a moment.
A red film seems to cover your vision as you go berserk!
You feel yourself moving faster!
You feel mighty!
You barely miss Dazliare's ghost.
Dazliare's ghost is moderately damaged.
You feel sick. You block the orc warrior's attack.
Your hound skeleton bites the slime creature.
The orc wizard hits you but does no damage.
Your orc zombie hits the slime creature but does no damage.
The slime creature hits you.
Dazliare's ghost hits you but does no damage.
You whack the orc wizard! You drain the orc wizard.
You kill the orc wizard!
Kikubaaqudgha accepts your kill.
Kikubaaqudgha is now protecting you from necromantic miscasts and death curses.
You feel sick.
You are no longer poisoned.
The orc warrior hits you with a +0 battleaxe!
* * * LOW HITPOINT WARNING * * *
Your hound skeleton bites the slime creature.
You closely miss the orc warrior.
The orc warrior is lightly wounded.
The slime creature hits you but does no damage.
You block Dazliare's ghost's attack.
Your orc zombie hits the slime creature but does no damage.
Your hound skeleton bites the slime creature.
The orc warrior hits you with a +0 battleaxe!!
You die...
Kikubaaqudgha rasps: "You have failed me!
Welcome... death!"

##................
##.......####.......
#....................
#................#.##
#....#########...#.#
#...##©......##..# #
#...#8..#.#..8#..#!# $
#...#..#..W#..#..#.###.#
#...#$...@)...#..#......
#..©#)..ZJo...#©...(##.#
##..#(..Z.....#....#...#
#..#..#...#..#..#.#.# #
#..#8..#.#..8#......#
#..##.......##......##
#...#########........##
#.........[.[).........
##.......)..))........#


You could see a slime creature (ally target), an orc warrior, Dazliare's ghost,
a friendly orc zombie and a friendly hound skeleton.

Vanquished Creatures
  Pikel (D:7)
  A yak (D:7)
  Menkaure (D:7)
  A water moccasin (D:6)
  Duvessa (D:7)
  An orc warrior (D:7)
  A sky beast (D:7)
  An ice beast (D:6)
  A kobold brigand (D:6)
  2 bullfrogs
  5 scorpions
  Dowan (D:7)
  A killer bee (D:7)
  An electric eel (D:6)
  4 hounds
  A jelly (D:6)
  4 orc priests
  3 iguanas
  9 orc wizards
  Robin (D:2)
  10 adders
  3 gnolls (D:2)
  3 white imps
  An ufetubus (D:3)
  A worm (D:2)
  2 dart slugs
  27 orcs
  6 ball pythons
  4 bats
  12 endoplasms
  10 giant cockroaches
  8 goblins
  11 hobgoblins
  2 jackals (D:3)
  3 quokkas
  29 kobolds
  6 rats
179 creatures vanquished.

Vanquished Creatures (collateral kills)
  A shadow imp (D:7)
  A dart slug (D:1)
  An orc (D:7)
  2 goblins
  A kobold (D:2)
6 creatures vanquished.

Vanquished Creatures (others)
  A troll (D:7)
  A kobold zombie (D:7)
  An orc wizard (D:7)
  An iguana (D:7)
  A killer bee zombie (D:7)
  A sky beast zombie (D:7)
  An elf zombie (D:7)
  9 orc zombies (D:7)
  18 plants (D:6)
34 creatures vanquished.

Grand Total: 219 creatures vanquished

Notes
Turn   | Place    | Note
-------+----------+-------------------------------------------
     0 | D:1      | Nerdsrcool the Vampire Necromancer began the quest for the
                  | Orb.
     0 | D:1      | Reached XP level 1. HP: 13/13 MP: 3/3
   104 | D:1      | Reached XP level 2. HP: 19/19 MP: 1/5
   113 | D:1      | Found a faded altar of an unknown god.
   411 | D:1      | Gained mutation: You are afflicted with vampirism and can
                  | become a bat while bloodless. [Vampire growth]
   411 | D:1      | Reached XP level 3. HP: 25/25 MP: 2/6
   817 | D:2      | Identified the +1 robe "Ganlioh" {Harm Str+5}
  1024 | D:2      | Reached skill level 5 in Necromancy
  1034 | D:2      | Noticed Robin
  1037 | D:2      | Killed Robin
  1038 | D:2      | Reached XP level 4. HP: 31/31 MP: 0/8
  1056 | D:2      | Learned a level 3 spell: Vampiric Draining
  1412 | D:2      | Upgraded the game from 0.30-a0-187-gd9c2deaf24 to
                  | 0.30-a0-219-gf2db51d15e
  2102 | D:3      | Reached XP level 5. HP: 36/36 MP: 7/10
  2188 | D:3      | Found an ornate altar of the Wu Jian Council.
  2718 | D:4      | Found a shadowy altar of Dithmenos.
  2917 | D:4      | Identified the +7 whip "Wesouc" {drain, *Rage rPois Will+
                  | Dex+4}
  2934 | D:4      | Reached XP level 6. HP: 42/42 MP: 10/12
  3429 | D:5      | Entered Level 5 of the Dungeon
  3539 | D:5      | Reached skill level 5 in Spellcasting
  3657 | D:5      | Reached XP level 7. HP: 47/47 MP: 12/14
  4069 | D:5      | Reached skill level 1 in Shields
  4220 | D:6      | Reached skill level 1 in Maces & Flails
  4379 | D:6      | Found a hide-covered altar of Uskayaw.
  4394 | D:6      | Reached skill level 1 in Fighting
  4394 | D:6      | Reached XP level 8. HP: 49/54 MP: 12/17
  4411 | D:6      | Learned a level 4 spell: Animate Dead
  4585 | D:6      | Found a staircase to the Ecumenical Temple.
  4598 | D:6      | Found a glowing drain.
  4614 | Temple   | Entered the Ecumenical Temple
  4831 | Temple   | Became a worshipper of Kikubaaqudgha
  4922 | D:6      | Reached * piety under Kikubaaqudgha
  4922 | D:6      | Received a gift from Kikubaaqudgha
  5924 | D:7      | Noticed Pikel
  5931 | D:7      | Killed Pikel
  5932 | D:7      | Reached XP level 9. HP: 47/59 MP: 14/20
  6105 | D:7      | Noticed Menkaure
  6120 | D:7      | Your ally Pikel died
  6127 | D:7      | Killed Menkaure
  6152 | D:7      | Found a transporter.
  6157 | D:7      | Noticed Dazliare's ghost (novice GrDe)
  6181 | D:7      | Found a transporter.
  6185 | D:7      | Noticed Duvessa
  6189 | D:7      | Noticed Dowan
  6194 | D:7      | Killed Duvessa
  6202 | D:7      | Killed Dowan
  6205 | D:7      | Your ally Duvessa died
  6256 | D:7      | Reached ** piety under Kikubaaqudgha
  6257 | D:7      | Slain by an orc warrior

Illustrated notes

Levels and vault maps discovered:
D:1:      wander_arrival_peaceful_grave, layout_rooms,
          ebering_ecumenical_altar_rust
D:2:      layout_loops_ring, serial_glass, glass_columns_a, glass_columns_a,
          minmay_split_cup_large, uniq_robin
D:3:      layout_loops_ring, nzn_wu_jian_council_hall
D:4:      layout_basic, mainiacjoe_overflow_small_starburst, st_stairs_5
D:5:      layout_cave_pools
D:6:      kennysheep_kobold_camp, layout_basic, eat_drink_and_be_merry_uskayaw,
          temple_pool_b, portal_sewer_entry_f, minmay_misc_feat_cross,
          minmay_crystal_water
D:7:      lemuel_ice_spiral_2, layout_rooms, overflow_temple_1_default,
          gammafunk_ghost_arena, uniq_menkaure, uniq_pikel, uniq_duvessa
Temple:   nicolae_temple_slightly_damp_pantheon

Skill      XL: |  1  2  3  4  5  6  7  8  9 |
---------------+----------------------------+-----
Necromancy     | 5 6 7 8 |  8.9
Spellcasting   | 3 4 5 6 7 8 |  8.1
Dodging        | 3 4 |  4.9
Shields        | 1 |  1.6
Maces & Flails | 1 2 |  2.3
Fighting       | 1 |  1.7
Stealth        | 4 |  4.5
Short Blades   | |  0.3
Throwing       | |  0.3
Unarmed Combat | |  0.2

Action                   |  1- 3 |  4- 6 |  7- 9 || total
-------------------------+-------+-------+-------++-------
Melee: Dagger            |    40 |    38 |       ||    78
       Unarmed           |     4 |       |       ||     4
       Bite              |     3 |    10 |     7 ||    20
       Whip              |       |    20 |    90 ||   110
       Punch             |       |       |     2 ||     2
Throw: Stone             |       |     2 |     1 ||     3
       Dart              |       |       |     3 ||     3
       Boomerang         |       |       |     1 ||     1
 Cast: Necrotise         |    59 |    67 |   118 ||   244
       Vampiric Draining |       |     2 |     2 ||     4
       Animate Dead      |       |       |     5 ||     5
Invok: Unearth Wretches  |       |       |     1 ||     1
  Use: Scroll            |     4 |     6 |     6 ||    16
       Potion            |     1 |     3 |     8 ||    12
 Stab: Sleeping          |       |     1 |       ||     1
       Distracted        |       |       |     1 ||     1
Armor: Robe              |    10 |    19 |    46 ||    75
       Skin              |       |     1 |       ||     1
Dodge: Dodged            |    44 |    51 |   116 ||   211
Block: Other             |       |    27 |    43 ||    70
       Reflection        |       |     1 |     3 ||     4

Table legend: (Time is in decaauts)
 A = Elapsed time spent in this place.
 B = Non-inter-level travel time spent in this place.
 C = Inter-level travel time spent in this place.
 D = Time resting spent in this place.
 E = Time spent auto-exploring this place.
 F = Levels seen in this place.
 G = Mean time per level.
                   A        B        C        D        E       F      G
               +--------+--------+--------+--------+--------+-----+--------+
         Total |   6372 |   5983 |    389 |    384 |   3797 |   8 |  796.5 |
       Dungeon |   6144 |   5755 |    389 |    384 |   3648 |   7 |  877.7 |
        Temple |    227 |    227 |      0 |      0 |    149 |   1 |  227.0 |
               +--------+--------+--------+--------+--------+-----+--------+

Top non-repeatable levels by time:
     D:6: 1489 daAuts
     D:2: 975 daAuts
     D:3: 895 daAuts
     D:5: 835 daAuts
     D:1: 805 daAuts
     D:4: 766 daAuts
     D:7: 376 daAuts
  Temple: 227 daAuts
